MLB
ST. LOUIS CARDINALS @ CLEVELAND SPIDERS
05/22/2039
 
TOP OF THE 1ST
St. Louis Cardinals batting - Pitching for Cleveland Spiders : RHP Agustin Suarez
Pitching: RHP Agustin Suarez
Batting: RHB Jim Lagasse 0-0: Ball
1-0: Swinging Strike
1-1: Ball
2-1: Ball
3-1: Foul Ball, location: 2F
3-2: Base on Balls
Batting: RHB Ed Howard 0-0: Foul Ball, location: 3DF
0-1: Ball
1-1: Called Strike
1-2: Fly out, F3 (Popup, 34S, EV 72.5 MPH)
Batting: LHB Mike Murphy 0-0: Called Strike
0-1: Foul Ball, location: 7LMF
0-2: Strikes out looking
Batting: RHB Tommy Buck 0-0: Ball
1-0: SINGLE (Line Drive, 8RS, EV 101.3 MPH)
Jim Lagasse to second
Runner from 2nd tries for 3rd, SAFE, throw by CF made to third
Batting: LHB Pete Crow-Armstrong 0-0: Called Strike
0-1: Swinging Strike
0-2: Strikes out looking
Top of the 1st over - 0 runs, 1 hit, 0 errors, 2 left on base; St. Louis 0 - Cleveland 0
BOTTOM OF THE 1ST
Cleveland Spiders batting - Pitching for St. Louis Cardinals : LHP Hee-seop Kim
Pitching: LHP Hee-seop Kim
Batting: RHB Danny Hertz 0-0: Called Strike
0-1: Foul Ball, location: 2F
0-2: Foul Ball, location: 2F
0-2: Ball
1-2: Strikes out looking
Batting: LHB Johnny Tovar 0-0: Called Strike
0-1: Ball
1-1: Called Strike
1-2: Foul Ball, location: 2LF
1-2: Ball
2-2: DOUBLE (Flyball, 8LXD, EV 96.3 MPH)
Batting: SHB Dylan Carmouche 0-0: Ball
Wild Pitch!
Johnny Tovar to third
1-0: Called Strike
1-1: Ball
2-1: Ball
3-1: Called Strike
3-2: Foul Ball, location: 2F
3-2: 2-RUN HOME RUN (Flyball, 8RXD, EV 106.9 MPH), Distance : 428 ft
Batting: SHB Jason Colvin 0-0: Called Strike
0-1: Fly out, F6 (Popup, 6M, EV 55.0 MPH)
Batting: RHB Roger Navar 0-0: Ball
1-0: Foul Ball, location: 5SF
1-1: Called Strike
1-2: Strikes out looking
Bottom of the 1st over - 2 runs, 2 hits, 0 errors, 0 left on base; St. Louis 0 - Cleveland 2
TOP OF THE 2ND
St. Louis Cardinals batting - Pitching for Cleveland Spiders : RHP Agustin Suarez
Batting: LHB Jacob Gonzalez 0-0: Called Strike
0-1: Foul Ball, location: 2F
0-2: Ball
1-2: Ball
2-2: Foul Ball, location: 2F
2-2: Fly out, F9 (Line Drive, 9D, EV 98.1 MPH)
Batting: RHB Jimmy Henry 0-0: Called Strike
0-1: Swinging Strike
0-2: Strikes out looking
Batting: RHB Josh Poston 0-0: SINGLE (Groundball, 34D, EV 103.8 MPH)
Batting: LHB Chris Williams 0-0: Swinging Strike
0-1: Hit by Pitch
Josh Poston to second
Batting: RHB Jim Lagasse 0-0: Called Strike
0-1: Foul Ball, location: 9LDF
0-2: Ball
1-2: Strikes out looking
Top of the 2nd over - 0 runs, 1 hit, 0 errors, 2 left on base; St. Louis 0 - Cleveland 2
BOTTOM OF THE 2ND
Cleveland Spiders batting - Pitching for St. Louis Cardinals : LHP Hee-seop Kim
Batting: LHB Jose Murillo 0-0: Ball
1-0: Fly out, F7 (Flyball, 7S, EV 92.5 MPH)
Batting: RHB Josh Bevins 0-0: Called Strike
0-1: Ball
1-1: Ground out 1-3 (Groundball, 25, EV 75.0 MPH)
Batting: RHB Sidney Hendrix 0-0: Ball
1-0: Ball
2-0: Ball
3-0: SINGLE (Groundball, 4MD, EV 106.9 MPH)
Batting: RHB Ted Crigler 0-0: Called Strike
0-1: Swinging Strike
0-2: Strikes out looking
Bottom of the 2nd over - 0 runs, 1 hit, 0 errors, 1 left on base; St. Louis 0 - Cleveland 2
TOP OF THE 3RD
St. Louis Cardinals batting - Pitching for Cleveland Spiders : RHP Agustin Suarez
Batting: RHB Ed Howard 0-0: Foul Ball, location: 2LF
0-1: Ball
1-1: Foul Ball, location: 5FF
1-2: Strikes out swinging
Batting: LHB Mike Murphy 0-0: Ball
1-0: Ball
2-0: Ball
3-0: Called Strike
3-1: Swinging Strike
3-2: Fly out, F7 (Flyball, 7D, EV 99.4 MPH)
Batting: RHB Tommy Buck 0-0: Ball
1-0: Called Strike
1-1: Called Strike
1-2: Fly out, F8 (Flyball, 8LM, EV 87.5 MPH)
Top of the 3rd over - 0 runs, 0 hits, 0 errors, 0 left on base; St. Louis 0 - Cleveland 2
BOTTOM OF THE 3RD
Cleveland Spiders batting - Pitching for St. Louis Cardinals : LHP Hee-seop Kim
Batting: RHB Danny Hertz 0-0: Swinging Strike
0-1: Fly out, F7 (Flyball, 7LMF, EV 100.0 MPH)
Batting: LHB Johnny Tovar 0-0: Foul Ball, location: 7LMF
0-1: Ball
1-1: Ball
2-1: Ball
3-1: Base on Balls
Batting: SHB Dylan Carmouche 0-0: Called Strike
Johnny Tovar steals 2nd base
0-1: Called Strike
0-2: Ball
1-2: Strikes out looking
Batting: SHB Jason Colvin 0-0: Ball
Wild Pitch!
Johnny Tovar to third
1-0: Called Strike
1-1: SINGLE (Line Drive, 3D, EV 95.0 MPH)
Johnny Tovar scores
Batting: RHB Roger Navar 0-0: Ball
1-0: Foul Ball, location: 7LMFF
1-1: Ball
2-1: SINGLE (Groundball, 34D, EV 105.6 MPH)
Jason Colvin to second
Runner from 2nd tries for 3rd, SAFE, throw by RF made to third
Batting: LHB Jose Murillo 0-0: Called Strike
0-1: Called Strike
0-2: Ball
1-2: DOUBLE (Line Drive, 9LM, EV 97.5 MPH)
Jason Colvin scores
Roger Navar to third
Batting: RHB Josh Bevins 0-0: Ball
1-0: Foul Ball, location: 3SF
1-1: SINGLE (Groundball, 56D, EV 100.6 MPH)
Roger Navar scores
Jose Murillo to third
Runner from 3rd tries for Home, SAFE, throw by LF to home
Josh Bevins to second
Pitching: RHP Brad Lachance
Batting: RHB Sidney Hendrix 0-0: Called Strike
0-1: Ball
1-1: Ball
Wild Pitch!
Josh Bevins to third
2-1: Foul Ball, location: 2F
2-2: Ground out 6-3 (Groundball, 6M, EV 78.1 MPH)
Bottom of the 3rd over - 4 runs, 4 hits, 0 errors, 1 left on base; St. Louis 0 - Cleveland 6
TOP OF THE 4TH
St. Louis Cardinals batting - Pitching for Cleveland Spiders : RHP Agustin Suarez
Batting: LHB Pete Crow-Armstrong 0-0: Foul Ball, location: 7LSF
0-1: Swinging Strike
0-2: Ball
1-2: Foul Ball, location: 7LSF
1-2: Strikes out swinging
Batting: LHB Jacob Gonzalez 0-0: Ball
1-0: Foul Ball, location: 7LMF
1-1: Ball
2-1: Ground out 3-1 (Groundball, 34, EV 108.8 MPH)
Batting: RHB Jimmy Henry 0-0: Swinging Strike
0-1: Ball
1-1: Fly out, F9 (Line Drive, 89M, EV 96.3 MPH)
Top of the 4th over - 0 runs, 0 hits, 0 errors, 0 left on base; St. Louis 0 - Cleveland 6
BOTTOM OF THE 4TH
Cleveland Spiders batting - Pitching for St. Louis Cardinals : RHP Brad Lachance
Batting: RHB Ted Crigler 0-0: Ball
1-0: Foul Ball, location: 25F
1-1: Ball
2-1: Called Strike
2-2: Foul Ball, location: 9LSFF
2-2: Ground out 4-3 (Groundball, 4, EV 91.9 MPH)
Batting: RHB Danny Hertz 0-0: Fly out, F7 (Flyball, 7, EV 89.4 MPH)
Batting: LHB Johnny Tovar 0-0: Ball
1-0: Ball
2-0: SOLO HOME RUN (Flyball, 7D, EV 96.3 MPH), Distance : 379 ft
Batting: SHB Dylan Carmouche 0-0: Ball
1-0: Called Strike
1-1: SINGLE (Line Drive, 89S, EV 92.5 MPH)
Batting: SHB Jason Colvin 0-0: Ball
1-0: Ball
Dylan Carmouche steals 2nd base
2-0: Ball
3-0: Called Strike
3-1: Fly out, F7 (Flyball, 7LM, EV 90.6 MPH)
Bottom of the 4th over - 1 run, 2 hits, 0 errors, 1 left on base; St. Louis 0 - Cleveland 7
TOP OF THE 5TH
St. Louis Cardinals batting - Pitching for Cleveland Spiders : RHP Agustin Suarez
Batting: RHB Josh Poston 0-0: Ball
1-0: Ball
2-0: Called Strike
2-1: Ball
3-1: Swinging Strike
3-2: Strikes out swinging
Batting: LHB Chris Williams 0-0: Ball
1-0: Fly out, F9 (Line Drive, 9S, EV 91.3 MPH)
Batting: RHB Jim Lagasse 0-0: Called Strike
0-1: Ground out 6-3 (Groundball, 6, EV 80.6 MPH)
Top of the 5th over - 0 runs, 0 hits, 0 errors, 0 left on base; St. Louis 0 - Cleveland 7
BOTTOM OF THE 5TH
Cleveland Spiders batting - Pitching for St. Louis Cardinals : RHP Brad Lachance
Batting: RHB Roger Navar 0-0: Ball
1-0: Foul Ball, location: 9LMF
1-1: Ball
2-1: Ball
3-1: Foul Ball, location: 2F
3-2: Strikes out looking
Batting: LHB Jose Murillo 0-0: Called Strike
0-1: Fly out, F8 (Flyball, 78D, EV 95.6 MPH)
Batting: RHB Josh Bevins 0-0: Swinging Strike
0-1: Foul Ball, location: 2F
0-2: Strikes out swinging
Bottom of the 5th over - 0 runs, 0 hits, 0 errors, 0 left on base; St. Louis 0 - Cleveland 7
TOP OF THE 6TH
St. Louis Cardinals batting - Pitching for Cleveland Spiders : RHP Agustin Suarez
Batting: RHB Ed Howard 0-0: Ball
1-0: Called Strike
1-1: Foul Ball, location: 2F
1-2: Strikes out swinging
Batting: LHB Mike Murphy 0-0: Swinging Strike
0-1: Ball
1-1: Foul Ball, location: 23FF
1-2: Ball
2-2: Ball
3-2: Fly out, F7 (Flyball, 78M, EV 96.3 MPH)
Batting: RHB Tommy Buck 0-0: Ball
1-0: Called Strike
1-1: Foul Ball, location: 5F
1-2: Ball
2-2: Foul Ball, location: 2F
2-2: Foul Ball, location: 9LDF
2-2: Ball
3-2: SINGLE (Popup, 56D, EV 65.0 MPH)
Batting: LHB Pete Crow-Armstrong 0-0: Foul Ball, location: 7LMF
0-1: Foul Ball, location: 25FF
0-2: Ball
1-2: Ball
2-2: Fly out, F9 (Flyball, 9LS, EV 85.6 MPH)
Top of the 6th over - 0 runs, 1 hit, 0 errors, 1 left on base; St. Louis 0 - Cleveland 7
BOTTOM OF THE 6TH
Cleveland Spiders batting - Pitching for St. Louis Cardinals : RHP Brad Lachance
Batting: RHB Sidney Hendrix 0-0: Ball
1-0: Ball
2-0: Foul Ball, location: 9LSF
2-1: Ball
3-1: Called Strike
3-2: Ground out 6-3 (Groundball, 6, EV 85.0 MPH)
Pitching: RHP Tony Machuca
Batting: RHB Ted Crigler 0-0: Swinging Strike
0-1: Ground out 5-3 (Groundball, 56, EV 102.5 MPH)
Batting: RHB Danny Hertz 0-0: Called Strike
0-1: Ball
1-1: Ball
2-1: Ball
3-1: Base on Balls
Batting: LHB Johnny Tovar 0-0: Ball
Danny Hertz steals 2nd base
1-0: Called Strike
1-1: TRIPLE (Flyball, 78XD, EV 105.6 MPH)
Danny Hertz scores
Batting: SHB Dylan Carmouche 0-0: Ball
1-0: 2-RUN HOME RUN (Flyball, 78XD, EV 99.4 MPH), Distance : 390 ft
Batting: SHB Jason Colvin 0-0: Called Strike
0-1: Ball
1-1: SOLO HOME RUN (Flyball, 9D, EV 98.8 MPH), Distance : 379 ft
Pitching: LHP Jonathan Knudsen
Batting: RHB Roger Navar 0-0: Ball
1-0: Ball
2-0: Ball
3-0: Called Strike
3-1: Swinging Strike
3-2: Strikes out swinging
Bottom of the 6th over - 4 runs, 3 hits, 0 errors, 0 left on base; St. Louis 0 - Cleveland 11
TOP OF THE 7TH
St. Louis Cardinals batting - Pitching for Cleveland Spiders : RHP Agustin Suarez
Pitching: RHP Mike Sublette
Batting: LHB Jacob Gonzalez 0-0: Ball
1-0: Called Strike
1-1: Called Strike
1-2: Ground out 1-3 (Groundball, 23, EV 67.5 MPH)
Batting: RHB Jimmy Henry 0-0: Fly out, F7 (Flyball, 7S, EV 85.0 MPH)
Batting: RHB Josh Poston 0-0: Called Strike
0-1: Ball
1-1: Called Strike
1-2: Ball
2-2: Fly out, F7 (Flyball, 7, EV 91.9 MPH)
Top of the 7th over - 0 runs, 0 hits, 0 errors, 0 left on base; St. Louis 0 - Cleveland 11
BOTTOM OF THE 7TH
Cleveland Spiders batting - Pitching for St. Louis Cardinals : LHP Jonathan Knudsen
Batting: LHB Jose Murillo 0-0: Fly out, F2 (Popup, 5SF, EV 84.4 MPH)
Batting: RHB Josh Bevins 0-0: Ball
1-0: Called Strike
1-1: Swinging Strike
1-2: Ground out 1-3 (Groundball, 15S, EV 66.3 MPH)
Batting: RHB Sidney Hendrix 0-0: Ball
1-0: Called Strike
1-1: Ball
2-1: Ball
3-1: Foul Ball, location: 2F
3-2: Strikes out swinging
Bottom of the 7th over - 0 runs, 0 hits, 0 errors, 0 left on base; St. Louis 0 - Cleveland 11
TOP OF THE 8TH
St. Louis Cardinals batting - Pitching for Cleveland Spiders : RHP Mike Sublette
Batting: LHB Chris Williams 0-0: Called Strike
0-1: Swinging Strike
0-2: Ball
1-2: Foul Ball, location: 7LSF
1-2: Ball
2-2: Foul Ball, location: 2F
2-2: Ball
3-2: Strikes out swinging
Batting: RHB Jim Lagasse 0-0: Called Strike
0-1: Ground out 4-3 (Groundball, 4M, EV 85.6 MPH)
Batting: RHB Ed Howard 0-0: Ball
1-0: Foul Ball, location: 9LDF
1-1: Ground out 6-3 (Groundball, 6, EV 87.5 MPH)
Top of the 8th over - 0 runs, 0 hits, 0 errors, 0 left on base; St. Louis 0 - Cleveland 11
BOTTOM OF THE 8TH
Cleveland Spiders batting - Pitching for St. Louis Cardinals : LHP Jonathan Knudsen
Batting: RHB Ted Crigler 0-0: Called Strike
0-1: Ball
1-1: Foul Ball, location: 2F
1-2: Strikes out swinging
Batting: RHB Danny Hertz 0-0: Ball
1-0: Foul Ball, location: 2F
1-1: SINGLE (Groundball, 3S, EV 68.1 MPH) (infield hit)
Batting: LHB Johnny Tovar 0-0: Ball
1-0: Called Strike
1-1: Ball
2-1: Called Strike
2-2: Ball
3-2: SINGLE (Flyball, 56D, EV 88.1 MPH)
Danny Hertz to second
Pitching: RHP Jose Baca
Batting: SHB Dylan Carmouche 0-0: Called Strike
0-1: Ball
1-1: Fielders Choice at 2nd, 6-4 (Groundball, 6M, EV 89.4 MPH)
Danny Hertz to third
Batting: SHB Jason Colvin 0-0: Ball
1-0: Foul Ball, location: 2F
1-1: Foul Ball, location: 2F
1-2: Ball
2-2: Foul Ball, location: 7LSF
2-2: Ball
3-2: Foul Ball, location: 2RF
3-2: 3-RUN HOME RUN (Flyball, 78XD, EV 104.4 MPH), Distance : 409 ft
Batting: RHB Roger Navar 0-0: SINGLE (Line Drive, 56D, EV 104.4 MPH)
Batting: LHB Jose Murillo 0-0: Ball
1-0: Swinging Strike
1-1: Foul Ball, location: 3SF
1-2: Strikes out swinging
Bottom of the 8th over - 3 runs, 4 hits, 0 errors, 1 left on base; St. Louis 0 - Cleveland 14
TOP OF THE 9TH
St. Louis Cardinals batting - Pitching for Cleveland Spiders : RHP Mike Sublette
Batting: LHB Mike Murphy 0-0: Foul Ball, location: 9LSFF
0-1: Called Strike
0-2: Ground out 6-3 (Groundball, 6, EV 78.1 MPH)
Batting: RHB Tommy Buck 0-0: Ball
1-0: Foul Ball, location: 2F
1-1: Ball
2-1: Swinging Strike
2-2: Foul Ball, location: 2F
2-2: SINGLE (Groundball, 6D, EV 96.3 MPH)
Batting: LHB Pete Crow-Armstrong 0-0: Called Strike
0-1: Ball
1-1: Foul Ball, location: 3FF
1-2: Foul Ball, location: 5FF
1-2: Strikes out swinging
Batting: LHB Jacob Gonzalez 0-0: Swinging Strike
0-1: Foul Ball, location: 25F
0-2: Ball
1-2: Strikes out swinging
Top of the 9th over - 0 runs, 1 hit, 0 errors, 1 left on base; St. Louis 0 - Cleveland 14
Monday, April 8th , 2024 - OOTP Baseball 24.11 Build 85